 Dungeon Sprint DCSS version 0.30.1-11-g7821555f0a (webtiles) character file.

Game seed: 1101996870380200162

298 Heoruswealwe the Skirmisher (level 5, -4/48 HPs)
             Began as a Demigod Hunter on Dec 14, 2023.
             Slain by a two-headed ogre
             ... wielding a +0 giant club
              (21 damage)
             ... in the Dungeon (Sprint IX: "|||||||||||||||||||||||||||||").
             The game lasted 00:06:05 (289 turns).

Heoruswealwe the Skirmisher (Demigod Hunter)         Turns: 289, Time: 00:06:05

Health: -4/48      AC:  7    Str: 12    XL:     5   Next: 88%
Magic:  7/7        EV: 15    Int: 11    God:
Gold:   0          SH:  0    Dex: 21    Spells: 4/4 levels left

rFire   . . .        a - +0 shortbow
rCold   . . .        (shield currently unavailable)
rNeg    . . .        c - +0 leather armour
rPois   .            g - +0 helmet
rElec   .            h - +0 cloak
rCorr   .            (no gloves)
SInv    .            (no boots)
Will    .....        (no amulet)
Stlth   +++          k - +2 ring of protection
HPRegen 0.28/turn    (no ring)
MPRegen 0.10/turn

%: no teleportation
@: no status effects
A: high MP 1, forlorn, divine attributes
a: no special abilities


You were in the Dungeon.
You visited 1 branch

Inventory:

Hand Weapons
 a - a +0 shortbow (weapon)
 b - a +2 scimitar of holy wrath
Armour
 c - a +0 leather armour (worn)
 g - a +0 helmet (worn)
 h - a +0 cloak (worn)
Jewellery
 k - a +2 ring of protection (left hand)
Wands
 i - a wand of acid (10)
Scrolls
 l - a scroll of blinking
Potions
 d - 5 potions of curing
 e - a potion of heal wounds
 f - a potion of haste
 j - a potion of invisibility
 m - 4 potions of magic


   Skills:
 + Level 5.5 Fighting
 * Level 8.3 Ranged Weapons
 + Level 5.5 Dodging
 + Level 5.7 Stealth


You had 4 spell levels left.
You didn't know any spells.
Your spell library was empty.

Dungeon Overview and Level Annotations

Branches:
Dungeon (1/1)


Innate Abilities, Weirdness & Mutations

You have an increased reservoir of magic. (+10% MP)
You shall have no god before yourself.
Your divine heritage dramatically boosts your attributes as you level up.


Message History

You shoot an arrow.
The arrow hits the yak but does no damage.
The yak is severely wounded.
The yak gores you but does no damage. The yak misses you.
You shoot an arrow. The arrow hits the yak!
The yak is almost dead.
The yak completely misses you.
You shoot an arrow. The arrow hits the yak.
You kill the yak!
Your Fighting skill increases to level 5!
Your Ranged Weapons skill increases to level 8!
Your Dodging skill increases to level 5!
Your Stealth skill increases to level 5!
You have reached level 5!
You shoot an arrow. The arrow hits the two-headed ogre!
The two-headed ogre is moderately wounded.
The two-headed ogre hits you with a +0 giant club.
The two-headed ogre hits you with a +0 giant spiked club!
You are too injured to fight recklessly!
Fire: a) +0 shortbow
Press: ? - help, Q - select action, (/) - cycle Shift-Dir - straight line, f/p - two-headed ogre
Aim: a two-headed ogre, wielding a +0 giant club and a +0 giant spiked club (moderately wounded, 80% to hit)
You shoot an arrow. The arrow hits the two-headed ogre.
The two-headed ogre is heavily wounded.
The two-headed ogre barely misses you.
The two-headed ogre hits you with a +0 giant spiked club.
Fire: a) +0 shortbow
Press: ? - help, Q - select action, (/) - cycle Shift-Dir - straight line, f/p - two-headed ogre
Aim: a two-headed ogre, wielding a +0 giant club and a +0 giant spiked club (heavily wounded, 80% to hit)
You shoot an arrow.
The arrow barely misses the two-headed ogre.
The arrow hits the two-headed ogre.
The two-headed ogre is lightly wounded.
Fire: a) +0 shortbow
Press: ? - help, Q - select action, (/) - cycle Shift-Dir - straight line, f/p - two-headed ogre
Aim: a two-headed ogre, wielding a +0 giant club and a +0 giant spiked club (heavily wounded, 80% to hit)
You shoot an arrow. The arrow hits the two-headed ogre!
The two-headed ogre is severely wounded.
The two-headed ogre hits you with a +0 giant club!!
You die... ▓▓▓▓▓▓▓▓▓▓▓▓▓▓▓▓▓▓▓▓▓▓▓▓ _______'.?)[=...@OOTTh.. ▓▓▓▓▓▓▓▓▓▓▓▓▓▓▓▓▓▓▓▓▓▓▓▓

You could see 2 two-headed ogres, 2 trolls and a howler monkey.

Vanquished Creatures
  A yak (D)
  A black bear (D)
  A hound (D)
  An iguana (D)
  An adder (D)
  An ufetubus (D)
  A ball python (D)
  An endoplasm (D)
  A hobgoblin (D)
  A bat (D)
  A frilled lizard (D)
11 creatures vanquished.

Notes
Turn   | Place    | Note
-------+----------+-------------------------------------------
     0 | D        | Heoruswealwe the Demigod Hunter began the quest for the
                  | Orb.
     0 | D        | Reached XP level 1. HP: 17/17 MP: 3/3
     6 | D        | Reached skill level 1 in Stealth
     8 | D        | Reached skill level 4 in Ranged Weapons
    33 | D        | Noticed an iguana
    33 | D        | Noticed a hound
    33 | D        | Noticed a black bear
    39 | D        | Killed an iguana
    40 | D        | Reached skill level 5 in Ranged Weapons
    40 | D        | Reached XP level 2. HP: 18/26 MP: 4/4
    43 | D        | Reached XP level 3. HP: 20/31 MP: 5/5
    51 | D        | Killed a black bear
    52 | D        | Reached skill level 7 in Ranged Weapons
    52 | D        | Reached XP level 4. HP: 9/41 MP: 6/6
   274 | D        | Noticed a yak
   274 | D        | Noticed a two-headed ogre
   274 | D        | Noticed a two-headed ogre
   274 | D        | Noticed a troll
   274 | D        | Noticed a troll
   285 | D        | Killed a yak
   286 | D        | Reached skill level 5 in Fighting
   286 | D        | Reached skill level 8 in Ranged Weapons
   286 | D        | Reached skill level 5 in Dodging
   286 | D        | Reached skill level 5 in Stealth
   286 | D        | Reached XP level 5. HP: 33/48 MP: 7/7
   289 | D        | Slain by a two-headed ogre

Illustrated notes

Levels and vault maps discovered:
D:        linesprint [early_d, line_temple, items_1, d_10, items_2, lair_1,
          lair_end, items_3, orc_1, orc_end, items_4, d_15, swamp_1, shoals_1,
          snake_1, spider_1, d_20, vaults_1, items_5, swamp_end, shoals_end,
          snake_end, spider_end, vaults_end, d_27, items_6, zot_1, zot_end,
          crypt_end, forest_end, elf_end, slime_end, tomb_end, abyss_end,
          pan_hell_end]

Skill      XL: |  1  2  3  4 |
---------------+-------------+-----
Stealth        | 2 3 4 5 |  5.7
Fighting       | 3 4 5 |  5.5
Dodging        | 3 4 5 |  5.5
Ranged Weapons | 5 7 8 |  8.3

Action                     |  1- 3 |  4- 6 || total
---------------------------+-------+-------++-------
   Fire: Shortbow          |    24 |    21 ||    45
    Use: Potion            |     1 |     1 ||     2
         Scroll            |     2 |       ||     2
 Armour: Leather armour    |     8 |     2 ||    10
  Dodge: Dodged            |    22 |     5 ||    27
